 Dungeon Crawl Stone Soup version 0.30-a0-354-g6b83867211 (webtiles) character file.

Game seed: 16605146677899650475

4064 Lanoc the Geomancer (level 10, -3/44 HPs)
             Began as a Spriggan Earth Elementalist on Nov 7, 2022.
             Was an Elder of Nemelex Xobeh.
             Slain by Erica
             ... wielding a +4 scimitar of flaming
              (9 damage)
             ... on level 8 of the Dungeon.
             The game lasted 00:08:53 (6634 turns).

Lanoc the Geomancer (Spriggan Earth Elementalist)   Turns: 6634, Time: 00:08:53

Health: -3/44      AC:  4    Str:  8    XL:     10   Next: 5%
Magic:  21/24      EV: 17    Int: 24    God:    Nemelex Xobeh [****..]
Gold:   311        SH:  0    Dex: 17    Spells: 11/14 levels left

rFire   . . .      SeeInvis +    E - +0 quarterstaff (spect)
rCold   . . .      Faith    .    (shield currently unavailable)
rNeg    . . .      Spirit   .    D - +2 robe "Vitiv" {Regen+ Str+4 Int+4}
rPois   .          Reflect  .    (helmet restricted)
rElec   .          Harm     .    (no cloak)
rCorr   .          Rampage  .    (gloves unavailable)
Will    ++...                    (boots unavailable)
Stlth   ++........               (no amulet)
HPRegen 1.07/turn                l - ring of magical power
MPRegen 0.19/turn                e - ring of willpower

@: lethally poisoned (-3 -> -4), studying Unarmed Combat, very quick
A: very small, no large weapons, unfitting armour, see invisible, speed 3
a: Renounce Religion, Draw Escape, Draw Destruction, Draw Summoning, Triple
Draw, Deal Four


You were on level 8 of the Dungeon.
You worshipped Nemelex Xobeh.
Nemelex Xobeh was greatly pleased with you.
You visited 2 branches of the dungeon, and saw 9 of its levels.

You collected 311 gold pieces.

Inventory:

Hand Weapons
 E - a +0 spectral quarterstaff (weapon)
Armour
 D - the +2 robe "Vitiv" (worn) {Regen+ Str+4 Int+4}
   (You found it on level 5 of the Dungeon)

   Str:       It affects your strength (+4).
   Int:       It affects your intelligence (+4).
   Regen:     It increases your rate of health regeneration.
Jewellery
 a - a ring of protection from cold
 d - a ring of protection from cold
 e - a ring of willpower (right hand)
 g - a ring of resist corrosion
 l - a ring of magical power (left hand)
 G - a +6 ring of intelligence
Scrolls
 c - 9 scrolls of teleportation {unknown}
 i - a scroll of brand weapon {unknown}
 m - 13 scrolls of identify {unknown}
 o - 2 scrolls of butterflies {unknown}
 p - 2 scrolls of fear {unknown}
 q - 3 scrolls of poison {unknown}
 r - 3 scrolls of amnesia {unknown}
 t - 3 scrolls of magic mapping {unknown}
 u - a scroll of acquirement {unknown}
 v - 2 scrolls of silence {unknown}
 x - 2 scrolls of enchant armour {unknown}
 y - a scroll of blinking {unknown}
 z - a scroll of immolation {unknown}
 C - a scroll of enchant weapon {unknown}
Potions
 b - 2 potions of magic
 f - 2 potions of attraction {unknown}
 h - 2 potions of degeneration {unknown}
 j - a potion of flight {unknown}
 k - a potion of might {unknown}
 n - a potion of lignification {unknown}
 s - 5 potions of curing {unknown}
 w - a potion of invisibility {unknown}
 A - 2 potions of berserk rage {unknown}
 B - 2 potions of ambrosia {unknown}
 F - a potion of heal wounds {unknown}


   Skills:
 - Level 2.6 Dodging
 - Level 3.0 Stealth
 - Level 2.6 Spellcasting
 - Level 1.3 Transmutations
 * Level 13.5 Earth Magic


You had 11 spell levels left.
You knew the following spells:

 Your Spells              Type           Power      Damage    Failure   Level
a - Sandblast             Erth           100%       2d20      1%          1
b - Passwall              Tmut/Erth      31%        N/A       1%          2

Your spell library contained the following spells:

 Spells                   Type           Power      Damage    Failure   Level
 Stone Arrow              Conj/Erth      70%        3d11      1%          3
 Petrify                  Tmut/Erth      38%        N/A       5%          4
 Beastly Appendage        Tmut           18%        N/A       6%          1
 Wereblood                Tmut           9%         N/A       10%         2
 Apportation              Tloc           6%         N/A       11%         1
 Sublimation of Blood     Necr           3%         N/A       17%         2
 Spider Form              Tmut/Pois      6%         N/A       26%         3
 Inner Flame              Hex/Fire       3%         N/A       32%         3
 Cause Fear               Hex            1%         N/A       73%         4
 Flame Wave               Conj/Fire      3%         2d5       73%         4
 Sticky Flame             Conj/Fire      3%         2d3       73%         4
 Alistair's Intoxication  Tmut/Pois      4%         N/A       93%         5
 Summon Hydra             Summ           1%         N/A       100%        7
 Discord                  Hex            1%         N/A       100%        8


Dungeon Overview and Level Annotations

Branches:
Dungeon (8/15)             Temple (1/1) D:4
   Lair: D:8-11

Altars:
Ashenzari
Dithmenos
Elyvilon
Fedhas
Nemelex Xobeh
Qazlal
Trog
Uskayaw
Vehumet
Yredelemnul

Shops:
D:4 (

Annotations:
D:8 Erica


Innate Abilities, Weirdness & Mutations

You are very small and have problems with some larger weapons.
You are too small for most types of armour.
You have supernaturally acute eyesight. (SInv)
You cover ground extremely quickly. (Speed+++)


Message History

Confirm with . or Enter, or press ? or * to list all spells.
You can't see any susceptible monsters within range! (Use Z to cast anyway.)
Casting: Sandblast (safe; 1% risk of failure)
Confirm with . or Enter, or press ? or * to list all spells.
Aiming: Sandblast (safe; 1% risk of failure)
Press: ? - help, Shift-Dir - straight line, f - Erica
Aim: Erica, wielding a +4 scimitar of flaming and wearing a +0 robe (slightly transparent, 84% to hit)
The blast of sand hits Erica!!
Erica is heavily wounded.
Erica points at you and mumbles some strange words.
The bolt of poison hits you!!
You are poisoned.
Ouch! That really hurt!
* * * LOW HITPOINT WARNING * * *
Casting: Sandblast (safe; 1% risk of failure)
Confirm with . or Enter, or press ? or * to list all spells.
Aiming: Sandblast (safe; 1% risk of failure)
Press: ? - help, Shift-Dir - straight line, f/p - Erica
Aim: Erica, wielding a +4 scimitar of flaming and wearing a +0 robe (heavily wounded, slightly transparent, 84% to hit)
The blast of sand misses Erica.
You feel very sick.
Casting: Sandblast (safe; 1% risk of failure)
Confirm with . or Enter, or press ? or * to list all spells.
Aiming: Sandblast (safe; 1% risk of failure)
Press: ? - help, Shift-Dir - straight line, f/p - Erica
Aim: Erica, wielding a +4 scimitar of flaming and wearing a +0 robe (heavily wounded, slightly transparent, 84% to hit)
The blast of sand hits Erica!!
Erica is severely wounded.
You feel very sick.
Casting: Sandblast (safe; 1% risk of failure)
Confirm with . or Enter, or press ? or * to list all spells.
Aiming: Sandblast (safe; 1% risk of failure)
Press: ? - help, Shift-Dir - straight line, f/p - Erica
Aim: Erica, wielding a +4 scimitar of flaming and wearing a +0 robe (severely wounded, slightly transparent, 84% to hit)
The blast of sand hits Erica!
Erica is almost dead.
You feel sick. Erica closely misses you.
Erica hits you with a +4 scimitar of flaming!
You die...
Your body glows with a rainbow of weird colours and disappears.

.......##...##....##
####.######......##
### ##....## ##..##
##.## #..## ##..##
.## #...#....#
#>@.......
#.@#..#### #..##..#
#..# ### .... .....
..... ......#


You could see Erica (invisible).

Vanquished Creatures
  Sigmund (D:6)
  3 yaks (D:7)
  2 steam dragons
  A water moccasin (D:6)
  An orc warrior (D:8)
  An ice beast (D:6)
  3 sky beasts
  4 black bears
  2 centaurs
  3 ogres
  A phantom (D:5)
  A kobold brigand (D:8)
  Blork the orc (D:4)
  2 gnoll sergeants (D:7)
  2 scorpions
  4 necrophages
  4 wights (D:6)
  2 killer bees (D:8)
  2 electric eels (D:8)
  A howler monkey (D:8)
  4 orc priests
  3 hounds
  A gnoll bouda (D:6)
  3 iguanas
  6 orc wizards
  14 gnolls
  6 adders
  4 white imps
  An ufetubus (D:5)
  4 worms
  10 orcs
  5 bats
  9 endoplasms
  2 giant cockroaches
  6 goblins
  6 hobgoblins
  5 jackals
  A quokka (D:2)
  6 frilled lizards
  12 kobolds
  8 rats
157 creatures vanquished.

Vanquished Creatures (others)
  4 plants (D:2)
4 creatures vanquished.

Grand Total: 161 creatures vanquished

Notes
Turn   | Place    | Note
-------+----------+-------------------------------------------
     0 | D:1      | Lanoc the Spriggan Earth Elementalist began the quest for
                  | the Orb.
     0 | D:1      | Reached XP level 1. HP: 9/9 MP: 5/5
   194 | D:1      | Reached skill level 3 in Earth Magic
   490 | D:1      | Reached XP level 2. HP: 13/13 MP: 3/6
  1151 | D:2      | Reached XP level 3. HP: 16/16 MP: 5/8
  1322 | D:2      | Reached skill level 4 in Earth Magic
  1570 | D:2      | Found a faded altar of an unknown god.
  1576 | D:2      | Prayed at the altar of an unknown god.
  1576 | D:2      | Became a worshipper of Nemelex Xobeh the Trickster
  1576 | D:2      | Reached * piety under Nemelex Xobeh
  1576 | D:2      | Received a gift from Nemelex Xobeh
  1816 | D:3      | Reached XP level 4. HP: 21/21 MP: 9/9
  2179 | D:3      | Found a stormy altar of Qazlal.
  2180 | D:3      | Found a radiant altar of Vehumet.
  2183 | D:3      | Found a broken altar of Ashenzari.
  2185 | D:3      | Found a white marble altar of Elyvilon.
  2295 | D:3      | Reached skill level 5 in Earth Magic
  2549 | D:4      | Found a bloodstained altar of Trog.
  2549 | D:4      | Noticed a black bear
  2549 | D:4      | Noticed a black bear
  2558 | D:4      | Killed a black bear
  2559 | D:4      | Reached XP level 5. HP: 24/24 MP: 10/10
  2586 | D:4      | Killed a black bear
  2587 | D:4      | Reached skill level 6 in Earth Magic
  2587 | D:4      | Reached XP level 6. HP: 24/28 MP: 11/11
  2642 | D:4      | Noticed Blork the orc
  2646 | D:4      | Killed Blork the orc
  2652 | D:4      | Learned a level 2 spell: Passwall
  2672 | D:4      | Found a staircase to the Ecumenical Temple.
  2730 | D:4      | Reached ** piety under Nemelex Xobeh
  2948 | D:4      | Found Uddemay's Weapon Emporium.
  3329 | D:4      | Reached skill level 7 in Earth Magic
  3525 | Temple   | Entered the Ecumenical Temple
  3538 | D:5      | Entered Level 5 of the Dungeon
  3710 | D:5      | Reached XP level 7. HP: 32/32 MP: 12/12
  3996 | D:5      | Received a gift from Nemelex Xobeh
  4049 | D:5      | Reached skill level 8 in Earth Magic
  4083 | D:5      | Identified the +2 robe "Vitiv" {Regen+ Str+4 Int+4}
  4253 | D:5      | Reached *** piety under Nemelex Xobeh
  4465 | D:6      | Reached skill level 9 in Earth Magic
  4465 | D:6      | Reached XP level 8. HP: 26/36 MP: 13/13
  4636 | D:6      | Received a gift from Nemelex Xobeh
  4664 | D:6      | Noticed Sigmund
  4668 | D:6      | Killed Sigmund
  4669 | D:6      | Reached skill level 10 in Earth Magic
  5050 | D:6      | Reached skill level 11 in Earth Magic
  5192 | D:7      | Reached XP level 9. HP: 33/39 MP: 14/14
  5273 | D:7      | Received a gift from Nemelex Xobeh
  5569 | D:7      | Reached skill level 12 in Earth Magic
  5802 | D:7      | Reached **** piety under Nemelex Xobeh
  6173 | D:8      | Received a gift from Nemelex Xobeh
  6181 | D:8      | Found a blossoming altar of Fedhas.
  6264 | D:8      | Reached skill level 13 in Earth Magic
  6397 | D:8      | Reached XP level 10. HP: 33/44 MP: 15/15
  6627 | D:8      | Noticed Erica
  6634 | D:8      | Slain by Erica

Illustrated notes

Levels and vault maps discovered:
D:1:      lightli_arrival_statue_moat, layout_loops_ring
D:2:      layout_basic, chequers_ecumenical_altar_lobes
D:3:      layout_rooms, grunt_temple_overflow_open, nrook_loot_triangle
D:4:      layout_loops_corners, trog_ov_bears_minmay,
          minmay_temple_entry_crystal_x, serial_shops,
          nicolae_shop_bloodbath_and_beyond, uniq_blork_the_orc
D:5:      layout_basic, corner_web_ring
D:6:      layout_loops_ring, st_stairs_7, uniq_sigmund
D:7:      layout_basic, serial_corexii_hall, corexii_hall_statues_x,
          corexii_hall_statues_x, corexii_hall_statues_t
D:8:      layout_cave_pods, kennysheep_mini_moat, kennysheep_potato, uniq_grum,
          uniq_erica
Temple:   cyrus_circular_temple

Skill      XL: |  1  2  3  4  5  6  7  8  9 |
---------------+----------------------------+-----
Earth Magic    | 3 4 5 6 7 9 11 13 | 13.5
Dodging        | |  2.6
Stealth        | |  3.0
Spellcasting   | |  2.6
Transmutations | |  1.3

Action                   |  1- 3 |  4- 6 |  7- 9 | 10-12 || total
-------------------------+-------+-------+-------+-------++-------
Melee: Unarmed           |     7 |       |       |       ||     7
       Quarterstaff      |       |     1 |       |       ||     1
 Cast: Sandblast         |    63 |    87 |   163 |     8 ||   321
Armor: Robe              |     4 |     2 |    13 |       ||    19
Dodge: Dodged            |    27 |    38 |    70 |     2 ||   137

Table legend: (Time is in decaauts)
 A = Elapsed time spent in this place.
 B = Non-inter-level travel time spent in this place.
 C = Inter-level travel time spent in this place.
 D = Time resting spent in this place.
 E = Time spent auto-exploring this place.
 F = Levels seen in this place.
 G = Mean time per level.
                   A        B        C        D        E       F      G
               +--------+--------+--------+--------+--------+-----+--------+
         Total |   5019 |   4915 |    104 |      0 |   4018 |   9 |  557.7 |
       Dungeon |   5017 |   4913 |    104 |      0 |   4018 |   8 |  627.1 |
        Temple |      1 |      1 |      0 |      0 |      0 |   1 |    1.0 |
               +--------+--------+--------+--------+--------+-----+--------+

Top non-repeatable levels by time:
     D:4: 816 daAuts
     D:1: 785 daAuts
     D:7: 707 daAuts
     D:5: 633 daAuts
     D:2: 571 daAuts
     D:6: 560 daAuts
     D:3: 515 daAuts
     D:8: 428 daAuts
  Temple: 1 daAuts
